[Event "IND-ch Senior Open 2019"]
[Site "Mazitar"]
[Date "2019.12.10"]
[Round "1.6"]
[White "Singh, Pritam"]
[Black "Ghosh, Diptayan"]
[Result "0-1"]
[ECO "A45"]
[WhiteElo "1953"]
[BlackElo "2555"]
[Annotator "ChessBase"]
[PlyCount "72"]
[EventDate "2018.12.08"]
[EventType "swiss"]
[EventRounds "11"]
[EventCountry "IND"]
[SourceTitle "playchess.com"]
[Source "ChessBase"]
[SourceQuality "1"]
[TimeControl "40/5400+30:1800+30"]

1. d4 Nf6 2. Bf4 d5 3. e3 c5 4. c3 Nc6 5. Nd2 Bf5 6. Ngf3 e6 7. Ne5 Nxe5 8. dxe5 Nd7 9. e4 dxe4 10. h4 h5 11. Be2 Be7 12. Nc4 Qc7 13. Qa4 O-O 14. Rd1 Rfd8 15. Bxh5 a6 16. Bg3 b5 17. Qa5 Qc6 18. Ne3 c4 19. O-O Nc5 20. Rd6 Bxd6 21. exd6 Rd7 22. Rd1 Rad8 23. Qa3 Nb7 24. Nc2 Nxd6 25. Nb4 Qb6 26. Qxa6 Qxa6 27. Nxa6 Ne8 28. Re1 Nf6 29. Be2 Rd2 30. Bc7 Ra8 31. Nb4 Rxb2 32. Bf4 Nd5 33. Bc1 Rb1 34. Nxd5 exd5 35. g4 Rxa2 36. gxf5 Raa1 0-1

[Event "IND-ch Senior Open 2019"]
[Site "Mazitar"]
[Date "2019.12.10"]
[Round "1.7"]
[White "Chanda, Sandipan"]
[Black "Nandhini, Saripalli"]
[Result "1-0"]
[ECO "D02"]
[WhiteElo "2545"]
[BlackElo "1949"]
[Annotator "ChessBase"]
[PlyCount "51"]
[EventDate "2018.12.08"]
[EventType "swiss"]
[EventRounds "11"]
[EventCountry "IND"]
[SourceTitle "playchess.com"]
[Source "ChessBase"]
[SourceQuality "1"]
[TimeControl "40/5400+30:1800+30"]

1. d4 d5 2. Nf3 e6 3. Bf4 Nf6 4. e3 Nh5 5. Be5 f6 6. Bg3 g6 7. c4 Nxg3 8. hxg3 c6 9. Bd3 Bg7 10. cxd5 cxd5 11. Rxh7 Rxh7 12. Bxg6+ Kf8 13. Bxh7 f5 14. Bg6 Nc6 15. Nc3 Qf6 16. Bh5 Qh6 17. Nh4 Bf6 18. Ng6+ Kg7 19. Nf4 Bd7 20. Qb3 b6 21. Ncxd5 exd5 22. Qxd5 Be8 23. Bxe8 Rxe8 24. Qxc6 Re7 25. O-O-O Qh8 26. Kb1 1-0

[Event "IND-ch Senior Open 2019"]
[Site "Mazitar"]
[Date "2019.12.10"]
[Round "1.8"]
[White "Trailokya, Nanda"]
[Black "Deepan Chakkravarthy J."]
[Result "0-1"]
[ECO "B04"]
[WhiteElo "1948"]
[BlackElo "2535"]
[Annotator "ChessBase"]
[PlyCount "116"]
[EventDate "2018.12.08"]
[EventType "swiss"]
[EventRounds "11"]
[EventCountry "IND"]
[SourceTitle "playchess.com"]
[Source "ChessBase"]
[SourceQuality "1"]
[TimeControl "40/5400+30:1800+30"]

1. e4 Nf6 2. e5 Nd5 3. d4 d6 4. Nf3 dxe5 5. Nxe5 c6 6. Nd2 g6 7. Ndf3 Bg7 8. Bc4 O-O 9. O-O b5 10. Bb3 a5 11. a4 b4 12. Re1 Qc7 13. c4 bxc3 14. bxc3 Nd7 15. Ba3 Nxe5 16. Nxe5 Rb8 17. Bxd5 cxd5 18. Qf3 Be6 19. Rac1 Rfe8 20. Bc5 Rb3 21. h4 Qc8 22. Nd3 Bh6 23. Rc2 Qb8 24. Ne5 Rb1 25. Rce2 Rxe1+ 26. Rxe1 Qc8 27. Rb1 f6 28. Nd3 Bf7 29. Rb5 Qc7 30. g3 Bg7 31. Nf4 e6 32. Bb6 Qc4 33. Rxa5 Rb8 34. Rb5 Qxa4 35. Rb4 Qa2 36. Bc5 Rxb4 37. Bxb4 e5 38. Ne2 h5 39. Qd3 Kh7 40. Qb5 Qb1+ 41. Kg2 Be6 42. Ng1 exd4 43. cxd4 Qe4+ 44. Kh2 Qxd4 45. Bc5 Qc4 46. Qb6 Bd7 47. Qa7 Qg4 48. Bd4 Qf5 49. Bc5 Bb5 50. Qb7 Qd7 51. Qb6 Bd3 52. Nh3 Be4 53. Nf4 Qa4 54. Qc7 Qd1 55. f3 Qxf3 56. Kg1 Qxg3+ 57. Kf1 Bd3+ 58. Nxd3 Qxc7 0-1

[Event "IND-ch Senior Open 2019"]
[Site "Mazitar"]
[Date "2019.12.10"]
[Round "1.9"]
[White "Visakh N R"]
[Black "Aishwin Daniel"]
[Result "1-0"]
[ECO "A12"]
[WhiteElo "2516"]
[BlackElo "1941"]
[Annotator "ChessBase"]
[PlyCount "58"]
[EventDate "2018.12.08"]
[EventType "swiss"]
[EventRounds "11"]
[EventCountry "IND"]
[SourceTitle "playchess.com"]
[Source "ChessBase"]
[SourceQuality "1"]
[TimeControl "40/5400+30:1800+30"]

1. c4 c6 2. Nf3 d5 3. b3 Nf6 4. Bb2 Bf5 5. g3 Nbd7 6. Bg2 e6 7. O-O Bd6 8. d3 O-O 9. Nc3 Qe7 10. Re1 Rfd8 11. a3 a6 12. Qc2 Bg6 13. Nh4 Nf8 14. e4 dxe4 15. dxe4 e5 16. Nf5 Qc7 17. Na4 b5 18. c5 Be7 19. Nb6 Rab8 20. b4 Re8 21. a4 N8d7 22. axb5 axb5 23. Nxd7 Nxd7 24. Red1 Bf8 25. Nd6 Bxd6 26. Rxd6 Ra8 27. Rxa8 Rxa8 28. Qd3 Nf8 29. Bxe5 Qc8 1-0

[Event "IND-ch Senior Open 2019"]
[Site "Mazitar"]
[Date "2019.12.10"]
[Round "1.11"]
[White "Anurag, Mhamal"]
[Black "Bidhar, Rutumbara"]
[Result "1-0"]
[ECO "A05"]
[WhiteElo "2490"]
[BlackElo "1939"]
[Annotator "ChessBase"]
[PlyCount "105"]
[EventDate "2018.12.08"]
[EventType "swiss"]
[EventRounds "11"]
[EventCountry "IND"]
[SourceTitle "playchess.com"]
[Source "ChessBase"]
[SourceQuality "1"]
[TimeControl "40/5400+30:1800+30"]

1. Nf3 Nf6 2. g3 b6 3. Bg2 Bb7 4. d3 d6 5. e4 g6 6. O-O Bg7 7. Nh4 O-O 8. e5 Bxg2 9. exf6 Bxf1 10. fxg7 Kxg7 11. Qxf1 e5 12. Nc3 Nd7 13. Qh3 Kg8 14. Bh6 Re8 15. Re1 Nc5 16. Nf3 f6 17. Qh4 d5 18. d4 e4 19. dxc5 exf3 20. Rxe8+ Qxe8 21. Bd2 Qe5 22. Qg4 bxc5 23. Qxf3 c6 24. Na4 Qd4 25. Qe3 Qxe3 26. fxe3 c4 27. Bc3 Kf7 28. Nc5 Ke7 29. Bd4 Kd6 30. Na6 f5 31. Kf2 g5 32. Kf3 Rc8 33. Bc5+ Ke5 34. a4 g4+ 35. Ke2 h5 36. Bxa7 Kd6 37. Bc5+ Kd7 38. Bb6 c5 39. Nxc5+ Kc6 40. a5 h4 41. Ne6 hxg3 42. hxg3 Rh8 43. Nd4+ Kb7 44. Nxf5 Rh2+ 45. Kd1 Rf2 46. Nh6 Rf3 47. Nxg4 Rxg3 48. Nf6 Rg5 49. Kd2 Rf5 50. Nd7 Kc6 51. Nc5 Rf2+ 52. Kc3 Re2 53. Na6 1-0

[Event "IND-ch Senior Open 2019"]
[Site "Mazitar"]
[Date "2019.12.10"]
[Round "1.12"]
[White "Rathore, S.K."]
[Black "Vignesh N R"]
[Result "0-1"]
[ECO "B23"]
[WhiteElo "1939"]
[BlackElo "2475"]
[Annotator "ChessBase"]
[PlyCount "60"]
[EventDate "2018.12.08"]
[EventType "swiss"]
[EventRounds "11"]
[EventCountry "IND"]
[SourceTitle "playchess.com"]
[Source "ChessBase"]
[SourceQuality "1"]
[TimeControl "40/5400+30:1800+30"]

1. e4 c5 2. Nc3 d6 3. g3 Nc6 4. Bg2 g6 5. Nge2 Bg7 6. O-O e6 7. d3 Nge7 8. Be3 Nd4 9. Qd2 O-O 10. Nd1 d5 11. c3 Nxe2+ 12. Qxe2 d4 13. cxd4 cxd4 14. Bd2 e5 15. f4 Be6 16. fxe5 Nc6 17. Nf2 Nxe5 18. Bh3 Bxh3 19. Nxh3 Qd7 20. Nf4 f5 21. Bb4 Rf7 22. Rac1 Re8 23. Ba3 Ng4 24. Nd5 Bh6 25. Rc4 Ne3 26. Nxe3 Bxe3+ 27. Kg2 fxe4 28. dxe4 Rxf1 29. Qxf1 Qe6 30. e5 Qd5+ 0-1

[Event "IND-ch Senior Open 2019"]
[Site "Mazitar"]
[Date "2019.12.10"]
[Round "1.13"]
[White "Kunte, Abhijit"]
[Black "Gurung Rohit"]
[Result "1-0"]
[ECO "D30"]
[WhiteElo "2467"]
[BlackElo "1917"]
[Annotator "ChessBase"]
[PlyCount "53"]
[EventDate "2018.12.08"]
[EventType "swiss"]
[EventRounds "11"]
[EventCountry "IND"]
[SourceTitle "playchess.com"]
[Source "ChessBase"]
[SourceQuality "1"]
[TimeControl "40/5400+30:1800+30"]

1. d4 d5 2. c4 e6 3. Nf3 Nf6 4. g3 Be7 5. Bg2 O-O 6. O-O dxc4 7. Qc2 b5 8. a4 b4 9. Nbd2 c6 10. Nxc4 Ba6 11. Rd1 Nd5 12. e4 Nb6 13. Na5 Qc8 14. Be3 Rd8 15. Nd2 Be2 16. Rdc1 Qa6 17. Ndc4 Nxc4 18. Nxc4 Bh5 19. Bf1 Rc8 20. Nd6 Qxf1+ 21. Rxf1 Bxd6 22. Kg2 Nd7 23. a5 Bg6 24. f3 f5 25. e5 Be7 26. Qc4 Nf8 27. Qa6 1-0

[Event "IND-ch Senior Open 2019"]
[Site "Mazitar"]
[Date "2019.12.10"]
[Round "1.14"]
[White "Aaditya Dhingra"]
[Black "Das, Arghyadip"]
[Result "0-1"]
[ECO "B40"]
[WhiteElo "1912"]
[BlackElo "2459"]
[Annotator "ChessBase"]
[PlyCount "70"]
[EventDate "2018.12.08"]
[EventType "swiss"]
[EventRounds "11"]
[EventCountry "IND"]
[SourceTitle "playchess.com"]
[Source "ChessBase"]
[SourceQuality "1"]
[TimeControl "40/5400+30:1800+30"]

1. e4 c5 2. Nf3 e6 3. d4 cxd4 4. Nxd4 Qb6 5. Nb3 Qc7 6. Bd3 Nf6 7. O-O a6 8. c4 d6 9. Nc3 b6 10. Be3 Nbd7 11. f4 Be7 12. Qe2 Bb7 13. Rae1 O-O 14. Bd4 g6 15. Nd2 Rfe8 16. Nf3 Bf8 17. e5 Nh5 18. Ng5 Ng7 19. Nce4 Nf5 20. Bc3 d5 21. Nf6+ Nxf6 22. exf6 dxc4 23. Bxc4 Bc5+ 24. Kh1 Ne3 25. Rf2 Nxc4 26. Qxc4 b5 27. Qe2 h6 28. Nh3 Bxf2 29. Qxf2 Qc6 30. Rg1 Qd5 31. Be5 Rac8 32. Qh4 Rc1 33. Qg3 Rec8 34. Bc3 Rxg1+ 35. Nxg1 b4 0-1

[Event "IND-ch Senior Open 2019"]
[Site "Mazitar"]
[Date "2019.12.10"]
[Round "1.15"]
[White "Krishna C R G"]
[Black "Sharan, Rao"]
[Result "1/2-1/2"]
[ECO "A15"]
[WhiteElo "2459"]
[BlackElo "1912"]
[Annotator "ChessBase"]
[PlyCount "79"]
[EventDate "2018.12.08"]
[EventType "swiss"]
[EventRounds "11"]
[EventCountry "IND"]
[SourceTitle "playchess.com"]
[Source "ChessBase"]
[SourceQuality "1"]
[TimeControl "40/5400+30:1800+30"]

1. Nf3 Nf6 2. c4 e6 3. g3 b6 4. Bg2 Bb7 5. O-O Be7 6. b3 O-O 7. Bb2 c5 8. e3 d5 9. Qe2 dxc4 10. bxc4 Nc6 11. Nc3 Qd7 12. Rad1 Rad8 13. d3 Qc8 14. Ne1 a6 15. f4 Qa8 16. Rd2 Na7 17. f5 exf5 18. Rxf5 b5 19. e4 g6 20. Rf1 bxc4 21. dxc4 Rxd2 22. Qxd2 Nxe4 23. Qd7 Nc8 24. Nd5 Bxd5 25. cxd5 Ned6 26. Qh3 Re8 27. Nf3 Bf8 28. Qh4 Bg7 29. Bxg7 Kxg7 30. Ne5 Nf5 31. Rxf5 gxf5 32. Qg5+ Kh8 33. Qf6+ Kg8 34. Qg5+ Kh8 35. Qf6+ Kg8 36. Qxf5 Qa7 37. Qg5+ Kh8 38. Qf6+ Kg8 39. Qg5+ Kh8 40. Qf6+ 1/2-1/2

[Event "IND-ch Senior Open 2019"]
[Site "Mazitar"]
[Date "2019.12.10"]
[Round "1.16"]
[White "Keshav Kothari"]
[Black "Ravi, Teja S."]
[Result "1/2-1/2"]
[ECO "D12"]
[WhiteElo "1895"]
[BlackElo "2455"]
[Annotator "ChessBase"]
[PlyCount "126"]
[EventDate "2018.12.08"]
[EventType "swiss"]
[EventRounds "11"]
[EventCountry "IND"]
[SourceTitle "playchess.com"]
[Source "ChessBase"]
[SourceQuality "1"]
[TimeControl "40/5400+30:1800+30"]

1. d4 d5 2. c4 c6 3. Nf3 Nf6 4. e3 Bg4 5. Nc3 e6 6. h3 Bh5 7. g4 Bg6 8. Ne5 Nbd7 9. Nxg6 hxg6 10. Bd3 Bb4 11. Bd2 a5 12. cxd5 exd5 13. Kf1 Qe7 14. Kg2 Ne4 15. f3 Nxd2 16. Qxd2 Nf8 17. Rae1 Ne6 18. a3 Bd6 19. Ne2 g5 20. f4 Kf8 21. f5 Nc7 22. Ng3 Bxg3 23. Kxg3 Ne8 24. e4 dxe4 25. Bxe4 Rd8 26. Kg2 Qf6 27. Qxa5 Qxd4 28. Bf3 Rh6 29. Re2 Rhd6 30. Qb4 Qxb4 31. axb4 Nc7 32. h4 gxh4 33. Rxh4 Rh6 34. Rxh6 gxh6 35. Kg3 Rd4 36. Re4 Rd3 37. Re2 Nb5 38. Kf2 Nd4 39. Be4 Rb3 40. Rd2 Rxb4 41. Ke3 c5 42. f6 Ne6 43. Bf5 Rb6 44. Rh2 Nd4 45. Rxh6 Nxf5+ 46. gxf5 Kg8 47. Ke4 Rxb2 48. Rh3 Rb6 49. Kd5 c4 50. Rg3+ Kf8 51. Rh3 Ke8 52. Rh8+ Kd7 53. Rf8 c3 54. Rxf7+ Ke8 55. Rc7 Rc6 56. Rxb7 c2 57. Rb8+ Kf7 58. Rb7+ Kg8 59. Rb8+ Kh7 60. f7 c1=Q 61. Rh8+ Kxh8 62. f8=Q+ Kh7 63. Qf7+ Kh8 1/2-1/2

[Event "IND-ch Senior Open 2019"]
[Site "Mazitar"]
[Date "2019.12.10"]
[Round "1.17"]
[White "Shyaamnikhil P"]
[Black "Arora Honi"]
[Result "1-0"]
[ECO "A07"]
[WhiteElo "2455"]
[BlackElo "1889"]
[Annotator "ChessBase"]
[PlyCount "79"]
[EventDate "2018.12.08"]
[EventType "swiss"]
[EventRounds "11"]
[EventCountry "IND"]
[SourceTitle "playchess.com"]
[Source "ChessBase"]
[SourceQuality "1"]
[TimeControl "40/5400+30:1800+30"]

1. Nf3 d5 2. g3 Nf6 3. Bg2 c6 4. O-O Bg4 5. d3 Nbd7 6. h3 Bh5 7. Nbd2 e5 8. e4 Bd6 9. b3 O-O 10. Bb2 Re8 11. Qc1 Qc7 12. Re1 Bg6 13. Nh4 dxe4 14. dxe4 b5 15. a4 Bc5 16. Re2 a6 17. Qe1 Nf8 18. Ndf3 N6d7 19. Rd2 Rad8 20. Nxg6 Nxg6 21. Bf1 Nf6 22. Rxd8 Rxd8 23. b4 Bd6 24. c4 Qb7 25. c5 Bc7 26. axb5 axb5 27. Ra3 Ra8 28. Rb3 h6 29. Bd3 Qc8 30. Kg2 Qe6 31. Nd2 h5 32. Bc2 h4 33. Rf3 Nh5 34. Bb3 Qc8 35. Rxf7 Kh7 36. Rf5 Nf6 37. Qe2 Kh6 38. Qe3+ Kh7 39. Qg5 Ne7 40. Qxh4+ 1-0

[Event "IND-ch Senior Open 2019"]
[Site "Mazitar"]
[Date "2019.12.10"]
[Round "1.18"]
[White "Harisurya Bharadwaj Gundepudi"]
[Black "Bakre, Tejas"]
[Result "1/2-1/2"]
[ECO "A45"]
[WhiteElo "1876"]
[BlackElo "2445"]
[Annotator "NA"]
[PlyCount "62"]
[EventDate "2018.12.08"]
[EventType "swiss"]
[EventRounds "11"]
[EventCountry "IND"]
[SourceTitle "playchess.com"]
[Source "ChessBase"]
[SourceQuality "1"]
[TimeControl "40/5400+30:1800+30"]

1. d4 Nf6 2. Bf4 d5 3. e3 c5 4. c3 e6 5. Nd2 Bd6 6. Bg3 Qc7 7. Ngf3 Nbd7 8. Bd3 O-O 9. O-O e5 10. dxe5 Nxe5 11. Nxe5 Bxe5 12. Bxe5 Qxe5 13. Qf3 Re8 14. Rfe1 Ne4 15. Bxe4 dxe4 16. Qf4 b6 17. Nc4 Qxf4 18. exf4 Ba6 19. Ne3 Rad8 20. Rad1 Bd3 21. Rd2 Rd7 22. Red1 Red8 23. h3 f6 24. Kh2 Kf7 25. g4 Ke6 26. Kg3 g6 27. f5+ Ke7 28. h4 Kf7 29. Kf4 Re7 30. Rh1 Kg7 31. Rg1 Kf8 1/2-1/2

[Event "IND-ch Senior Open 2019"]
[Site "Mazitar"]
[Date "2019.12.10"]
[Round "1.19"]
[White "Laxman, R.R."]
[Black "Ajay Kumar Rai"]
[Result "1-0"]
[ECO "D02"]
[WhiteElo "2444"]
[BlackElo "1871"]
[Annotator "NA"]
[PlyCount "79"]
[EventDate "2018.12.08"]
[EventType "swiss"]
[EventRounds "11"]
[EventCountry "IND"]
[SourceTitle "playchess.com"]
[Source "ChessBase"]
[SourceQuality "1"]
[TimeControl "40/5400+30:1800+30"]

1. d4 d5 2. Nf3 Nf6 3. c4 e6 4. g3 Bb4+ 5. Bd2 Be7 6. Bg2 O-O 7. O-O Nbd7 8. Qc2 Ne4 9. Bf4 c6 10. Ne5 f5 11. Nc3 g5 12. Nxd7 Bxd7 13. Be5 Be8 14. Nxe4 fxe4 15. f3 exf3 16. exf3 Bf6 17. Rae1 Bg6 18. Qc3 Bxe5 19. Rxe5 Rf5 20. Rxe6 Bf7 21. Re5 Rxe5 22. dxe5 dxc4 23. f4 gxf4 24. gxf4 Qd3 25. f5 Qxc3 26. bxc3 Bd5 27. Bxd5+ cxd5 28. e6 Re8 29. Rd1 Kg7 30. Rxd5 Kf6 31. Kf2 a6 32. a4 b6 33. Ke3 Rb8 34. Kf4 Rb7 35. Rd8 b5 36. axb5 axb5 37. h4 h5 38. Rg8 Rg7 39. Rxg7 Kxg7 40. Ke4 1-0

[Event "IND-ch Senior Open 2019"]
[Site "Mazitar"]
[Date "2019.12.10"]
[Round "1.21"]
[White "Akash G"]
[Black "Mohit Kumar Soni"]
[Result "1-0"]
[ECO "B41"]
[WhiteElo "2431"]
[BlackElo "1859"]
[Annotator "NA"]
[PlyCount "37"]
[EventDate "2018.12.08"]
[EventType "swiss"]
[EventRounds "11"]
[EventCountry "IND"]
[SourceTitle "playchess.com"]
[Source "ChessBase"]
[SourceQuality "1"]
[TimeControl "40/5400+30:1800+30"]

1. e4 c5 2. Nf3 e6 3. d4 cxd4 4. Nxd4 Bc5 5. Nb3 Bb6 6. Nc3 Ne7 7. Bc4 O-O 8. O-O f5 9. Bf4 fxe4 10. Bd6 e3 11. fxe3 Rxf1+ 12. Qxf1 Bxe3+ 13. Kh1 Nbc6 14. Qf3 Bh6 15. Rf1 b5 16. Nxb5 Ba6 17. a4 Kh8 18. Nc5 Bc8 19. Bxe7 1-0

[Event "IND-ch Senior Open 2019"]
[Site "Mazitar"]
[Date "2019.12.11"]
[Round "2.5"]
[White "Ghosh, Diptayan"]
[Black "Praveen Kumar C"]
[Result "1-0"]
[ECO "D34"]
[WhiteElo "2555"]
[BlackElo "2199"]
[Annotator "RC"]
[PlyCount "67"]
[EventDate "2018.12.08"]
[EventType "swiss"]
[EventCountry "IND"]
[SourceTitle "playchess.com"]
[Source "ChessBase"]
[SourceQuality "1"]
[TimeControl "40/5400+30:1800+30"]

1. c4 e6 2. g3 Nf6 3. Bg2 d5 4. Nf3 Be7 5. d4 O-O 6. O-O c5 7. cxd5 exd5 8. Nc3 Nc6 9. dxc5 Bxc5 10. Na4 Bb6 11. b3 Re8 12. Nxb6 axb6 13. Bb2 Bg4 14. Qd3 Qe7 15. Rfe1 h6 16. Nd4 Ne5 17. Qd2 Bd7 18. Nc2 Bc6 19. Bd4 Ne4 20. Qb4 Nd7 21. Qxe7 Rxe7 22. Nb4 Nef6 23. e3 Re6 24. Rec1 Rd6 25. Rc2 Ne4 26. Rac1 Nec5 27. Bh3 Bb5 28. a4 Ba6 29. Bxd7 Nxd7 30. Rc8+ Rxc8 31. Rxc8+ Kh7 32. Nxa6 bxa6 33. b4 f6 34. Rd8 1-0

[Event "IND-ch Senior Open 2019"]
[Site "Mazitar"]
[Date "2019.12.11"]
[Round "2.6"]
[White "Utsab Chatterjee"]
[Black "Chanda, Sandipan"]
[Result "0-1"]
[ECO "B85"]
[WhiteElo "2200"]
[BlackElo "2545"]
[Annotator "ChessBase"]
[PlyCount "72"]
[EventDate "2018.12.08"]
[EventType "swiss"]
[EventRounds "11"]
[EventCountry "IND"]
[SourceTitle "playchess.com"]
[Source "ChessBase"]
[SourceQuality "1"]
[TimeControl "40/5400+30:1800+30"]

1. e4 c5 2. Nf3 d6 3. d4 cxd4 4. Nxd4 Nf6 5. Nc3 a6 6. Be2 e6 7. O-O Be7 8. Kh1 O-O 9. f4 Qc7 10. Be3 b5 11. Bf3 Bb7 12. e5 Ne8 13. a3 Nd7 14. Bxb7 Qxb7 15. Qh5 g6 16. Qh3 Ng7 17. exd6 Bxd6 18. Rad1 Bc5 19. Rfe1 Rad8 20. b4 Ba7 21. Nb3 Bxe3 22. Rxe3 Nf6 23. Red3 Qc7 24. Rxd8 Rxd8 25. Rxd8+ Qxd8 26. Qd3 Qc7 27. g3 Nf5 28. Nc5 e5 29. Ne2 exf4 30. Nxf4 Qe5 31. Kg2 Kg7 32. Kf3 Qe1 33. Kg2 Ne3+ 34. Kh3 g5 35. Qe2 Qxe2 36. Nxe2 g4+ 0-1

[Event "IND-ch Senior Open 2019"]
[Site "Mazitar"]
[Date "2019.12.11"]
[Round "2.7"]
[White "Deepan Chakkravarthy J."]
[Black "Maheswaran, P.."]
[Result "1-0"]
[ECO "D00"]
[WhiteElo "2535"]
[BlackElo "2191"]
[Annotator "ChessBase"]
[PlyCount "103"]
[EventDate "2018.12.08"]
[EventType "swiss"]
[EventRounds "11"]
[EventCountry "IND"]
[SourceTitle "playchess.com"]
[Source "ChessBase"]
[SourceQuality "1"]
[TimeControl "40/5400+30:1800+30"]

1. d4 d5 2. Bf4 Nf6 3. e3 e6 4. Nd2 c5 5. c3 Nc6 6. Ngf3 Bd6 7. Bg3 O-O 8. Bd3 b6 9. Ne5 Bb7 10. f4 Ne7 11. Qf3 Nf5 12. O-O Be7 13. Rad1 Nd6 14. Qe2 c4 15. Bb1 b5 16. f5 exf5 17. Bxf5 Nxf5 18. Rxf5 g6 19. Rf3 Nh5 20. Rdf1 f6 21. Bh4 Qd6 22. Ng4 Bc8 23. h3 f5 24. Bxe7 Qxe7 25. Ne5 Be6 26. g4 Ng7 27. Kh2 b4 28. gxf5 Nxf5 29. e4 dxe4 30. Nxe4 bxc3 31. bxc3 Bd5 32. Rf4 Rab8 33. Ng3 Qa3 34. Nxf5 Rxf5 35. Rxf5 Rb2 36. R5f2 Rxe2 37. Rxe2 Qxc3 38. Ng4 Qxd4 39. Re8+ Kg7 40. Re7+ Kh8 41. Rf8+ Bg8 42. Ree8 Qd6+ 43. Kg2 Qd2+ 44. Kg3 h5 45. Rxg8+ Kh7 46. Rh8+ Kg7 47. Reg8+ Kf7 48. Rf8+ Kg7 49. Rhg8+ Kh7 50. Nf6+ Kh6 51. Rh8+ Kg7 52. Ne8# 1-0

[Event "IND-ch Senior Open 2019"]
[Site "Mazitar"]
[Date "2019.12.11"]
[Round "2.8"]
[White "Soham Kamotra"]
[Black "Visakh N R"]
[Result "0-1"]
[ECO "A20"]
[WhiteElo "2199"]
[BlackElo "2516"]
[Annotator "ChessBase"]
[PlyCount "88"]
[EventDate "2018.12.08"]
[EventType "swiss"]
[EventRounds "11"]
[EventCountry "IND"]
[SourceTitle "playchess.com"]
[Source "ChessBase"]
[SourceQuality "1"]
[TimeControl "40/5400+30:1800+30"]

1. c4 e5 2. g3 Nf6 3. Bg2 d5 4. cxd5 Nxd5 5. Nc3 Nxc3 6. bxc3 Nc6 7. d3 Bc5 8. Qc2 O-O 9. Nf3 Re8 10. O-O Qf6 11. Ng5 Qg6 12. Bd5 Rf8 13. Ne4 Bb6 14. a4 Bh3 15. Rd1 Rad8 16. Qa2 a6 17. Ng5 Bg4 18. h3 Bxe2 19. Be4 Qh5 20. g4 Bxg4 21. hxg4 Qxg4+ 22. Kh2 Qxd1 23. Nf3 Rxd3 24. Be3 Bxe3 25. Rxd1 Bf4+ 26. Kg2 Rxd1 27. Qb3 Rd6 28. Qxb7 Ne7 29. Qxc7 Re6 30. Qd7 g6 31. c4 Kg7 32. Qb7 Rd8 33. Ne1 Rd4 34. c5 Rxa4 35. Bc2 Ra5 36. Nd3 Bg5 37. Qc7 Ra3 38. Qb7 Rc3 39. Bb3 Rxd3 40. Bxe6 fxe6 41. Qc6 Rc3 42. Qd6 Bf6 43. Kf1 Kf7 44. Ke2 e4 0-1

[Event "IND-ch Senior Open 2019"]
[Site "Mazitar"]
[Date "2019.12.11"]
[Round "2.9"]
[White "Vishnu Prasanna. V"]
[Black "Niraj, Saripalli"]
[Result "1-0"]
[ECO "C50"]
[WhiteElo "2493"]
[BlackElo "2180"]
[Annotator "ChessBase"]
[PlyCount "47"]
[EventDate "2018.12.08"]
[EventType "swiss"]
[EventRounds "11"]
[EventCountry "IND"]
[SourceTitle "playchess.com"]
[Source "ChessBase"]
[SourceQuality "1"]
[TimeControl "40/5400+30:1800+30"]

1. e4 e5 2. Bc4 Nc6 3. Nf3 g6 4. d3 Bg7 5. a3 Nge7 6. Nc3 d6 7. Ng5 O-O 8. h4 h6 9. h5 Nd4 10. hxg6 Nxg6 11. Qh5 Nh8 12. Nf3 c6 13. Bxh6 Qf6 14. Nxd4 exd4 15. Ne2 d5 16. Bb3 Re8 17. f3 Re5 18. Qh2 dxe4 19. dxe4 d3 20. Bxg7 Qxg7 21. cxd3 Rb5 22. Qd6 Ng6 23. Nf4 Rxb3 24. Nh5 1-0

[Event "IND-ch Senior Open 2019"]
[Site "Mazitar"]
[Date "2019.12.11"]
[Round "2.10"]
[White "Gokhale, Chandrashekhar"]
[Black "Anurag, Mhamal"]
[Result "0-1"]
[ECO "A05"]
[WhiteElo "2185"]
[BlackElo "2490"]
[Annotator "ChessBase"]
[PlyCount "94"]
[EventDate "2018.12.08"]
[EventType "swiss"]
[EventRounds "11"]
[EventCountry "IND"]
[SourceTitle "playchess.com"]
[Source "ChessBase"]
[SourceQuality "1"]
[TimeControl "40/5400+30:1800+30"]

1. Nf3 Nf6 2. g3 b6 3. Bg2 Bb7 4. O-O g6 5. d3 d5 6. b3 Bg7 7. Bb2 O-O 8. Nbd2 c5 9. e3 Qc7 10. Qe2 Nc6 11. c4 e5 12. cxd5 Nxd5 13. Rac1 Rad8 14. a3 Qe7 15. Rfd1 Rfe8 16. Nb1 Ba6 17. e4 Nc7 18. Nc3 Bh6 19. Ra1 Qe6 20. Qc2 Nd4 21. Nxd4 cxd4 22. Ne2 Rc8 23. b4 Bb5 24. a4 Na6 25. Qb1 Bd7 26. Bc1 Bxc1 27. Rxc1 Rxc1+ 28. Nxc1 Rc8 29. Ne2 Qd6 30. b5 Nb4 31. f4 Rc2 32. fxe5 Qxe5 33. Qxb4 Rxe2 34. a5 bxa5 35. Qxa5 Qf6 36. Rf1 Rxg2+ 37. Kxg2 Bh3+ 38. Kxh3 Qxf1+ 39. Kh4 Qf6+ 40. Kh3 Qf1+ 41. Kh4 Qxd3 42. Qd8+ Kg7 43. Qd5 f6 44. Qd7+ Kh6 45. Qe7 g5+ 46. Kg4 Qe2+ 47. Kh3 g4+ 0-1

[Event "IND-ch Senior Open 2019"]
[Site "Mazitar"]
[Date "2019.12.11"]
[Round "2.11"]
[White "Vignesh N R"]
[Black "Patil, Pratik"]
[Result "1-0"]
[ECO "C77"]
[WhiteElo "2475"]
[BlackElo "2167"]
[Annotator "ChessBase"]
[PlyCount "103"]
[EventDate "2018.12.08"]
[EventType "swiss"]
[EventRounds "11"]
[EventCountry "IND"]
[SourceTitle "playchess.com"]
[Source "ChessBase"]
[SourceQuality "1"]
[TimeControl "40/5400+30:1800+30"]

1. e4 e5 2. Nf3 Nc6 3. Bb5 a6 4. Ba4 Nf6 5. d3 d6 6. h3 Be7 7. c4 O-O 8. Nc3 h6 9. Be3 Be6 10. Qd2 Nh7 11. Bxc6 bxc6 12. d4 exd4 13. Nxd4 Qd7 14. b3 f5 15. O-O Ng5 16. Bxg5 Bxg5 17. f4 Bf6 18. Rae1 fxe4 19. Nxe4 Bxd4+ 20. Qxd4 Rae8 21. Kh2 c5 22. Qd2 Bf5 23. Nc3 Qf7 24. g4 Bd7 25. Qd5 Be6 26. Qd3 Bd7 27. Qd5 Be6 28. Qf3 Bd7 29. f5 Rxe1 30. Rxe1 Re8 31. Rxe8+ Qxe8 32. Qe4 Qxe4 33. Nxe4 Bc6 34. Nc3 Kf7 35. Kg3 Bh1 36. Kf4 c6 37. h4 g6 38. fxg6+ Kxg6 39. Ne2 Bg2 40. Ng3 d5 41. Nf5 d4 42. h5+ Kh7 43. Nd6 Kg7 44. Nb7 d3 45. Ke3 Bh3 46. Nxc5 Bxg4 47. Nxa6 Bxh5 48. Nc5 Bg4 49. a4 h5 50. a5 h4 51. Nxd3 Bc8 52. Nc5 1-0

[Event "IND-ch Senior Open 2019"]
[Site "Mazitar"]
[Date "2019.12.11"]
[Round "2.12"]
[White "Deshmukh, Anup"]
[Black "Kunte, Abhijit"]
[Result "1/2-1/2"]
[ECO "A30"]
[WhiteElo "2168"]
[BlackElo "2467"]
[Annotator "ChessBase"]
[PlyCount "60"]
[EventDate "2018.12.08"]
[EventType "swiss"]
[EventRounds "11"]
[EventCountry "IND"]
[SourceTitle "playchess.com"]
[Source "ChessBase"]
[SourceQuality "1"]
[TimeControl "40/5400+30:1800+30"]

1. c4 c5 2. Nf3 g6 3. d4 Bg7 4. Nc3 cxd4 5. Nxd4 Nc6 6. e3 Nf6 7. Be2 O-O 8. O-O d5 9. cxd5 Nxd5 10. Nxd5 Qxd5 11. Bf3 Qc5 12. Nxc6 bxc6 13. Qa4 Rb8 14. Rb1 Qb5 15. Qxb5 cxb5 16. Bd2 Bb7 17. Bb4 Bxf3 18. gxf3 Bf6 19. Rfc1 Rfc8 20. b3 Kf8 21. Kf1 Ke8 22. Ke2 Kd7 23. f4 Rxc1 24. Rxc1 Rc8 25. Rxc8 Kxc8 26. Kd3 Kd7 27. Ke2 e6 28. e4 Kc6 29. f3 a6 30. Bd2 Bd8 1/2-1/2